Map: Old Estate

Players

Colin

  • Race: Protoss Protoss
  • Spawn Location: 7:00

Infamous

  • Race: Protoss Protoss
  • League: Silver
  • Spawn Location: 9:00

kermit

  • Race: Protoss Protoss
  • Spawn Location: 7:00

AnCiX

  • Race: Protoss Protoss
  • Spawn Location: 7:00

Victor - Winner!

  • Race: Protoss Protoss
  • Spawn Location: 3:00

Null - Winner!

  • Race: Zerg Zerg
  • Spawn Location: 3:00

Darkimpact - Winner!

  • Race: Protoss Protoss
  • Spawn Location: 1:00

cannon - Winner!

  • Race: Terran Terran
  • Spawn Location: 1:00

VOD

Have the link to the VOD?

Description

Time

  • Played on: April 4, 2018, 9:41 a.m.
  • Length: 13:46
Show
View Real Time Build Order
Export as new Build Order

Colin Protoss 

Build Orders:  

Get SALT Encoding   

  12  0:03  Probe (Chrono Boost)  
  14  0:15  Probe (Chrono Boost)  
  14  0:21  Probe (Chrono Boost)  
  15  0:28  Pylon  
  15  1:00  Probe (Chrono Boost)  
  16  1:07  Nexus  
  16  1:10  Assimilator  
  17  1:11  Probe (Chrono Boost)  
  17  1:23  Assimilator  
  17  1:27  Probe  
  18  1:39  Probe  
  19  1:51  Probe  
  20  2:04  Probe  
  21  2:15  Gateway  
  21  2:16  Probe  
  22  2:28  Probe (Chrono Boost)  
  23  2:37  Probe (Chrono Boost)  
  24  2:47  Probe (Chrono Boost)  
  25  2:52  Probe (Chrono Boost)  
  26  3:03  Probe  
  27  3:15  Probe  
  28  3:23  Cybernetics Core  
  28  3:27  Probe  
  29  3:39  Probe (Chrono Boost)  
  30  3:51  Probe (Chrono Boost)  
  31  3:56  Probe (Chrono Boost)  
  31  4:02  Forge  
  32  4:06  Probe  
  33  4:10  Assimilator  
  33  4:14  Assimilator  
  33  4:18  Probe  
  34  4:36  Stargate  
  34  4:37  Stargate  
  34  4:41  Stargate  
  34  4:48  Pylon x2  
  34  4:54  Pylon x2  
  34  4:57  Pylon  
  34  5:00  Zealot (Chrono Boost)  
  36  5:19  Zealot (Chrono Boost)  
  36  5:20  Pylon  
  38  5:23  Void Ray (Chrono Boost)  
  38  5:24  Void Ray (Chrono Boost)  
  46  5:30  Photon Cannon  
  46  5:33  Photon Cannon  
  46  5:41  Void Ray (Chrono Boost)  
  46  5:45  Zealot  
  52  5:59  Void Ray x2 (Chrono Boost)  
  60  6:12  Zealot  
  62  6:39  Void Ray x2, Zealot  
  68  6:40  Void Ray  
  76  6:49  Probe (Chrono Boost)  
  77  7:00  Probe (Chrono Boost)  
  78  7:04  Probe (Chrono Boost)  
  79  7:16  Probe  
  80  7:28  Probe  
  81  8:09  Void Ray  
  85  8:20  Pylon  
  85  8:21  Pylon  
  85  8:24  Pylon  
  85  8:26  Pylon  
  85  8:38  Void Ray x2  
  82  8:52  Void Ray  
  80  9:21  Void Ray x2  
  88  9:35  Void Ray (Chrono Boost)  
  92  10:01  Void Ray (Chrono Boost)  
  92  10:02  Void Ray (Chrono Boost)  
  96  10:15  Void Ray (Chrono Boost)  
  96  10:36  Void Ray  
  96  10:37  Void Ray  
  98  10:50  Void Ray  
Show
View Real Time Build Order
Export as new Build Order

Infamous Protoss 

Build Orders: 1 Gate Expand 

Get SALT Encoding   

  12  0:06  Probe  
  13  0:20  Probe  
  14  0:24  Pylon  
  14  0:32  Probe  
  15  0:45  Probe  
  16  0:51  Gateway  
  16  0:57  Probe  
  17  1:10  Probe  
  18  1:15  Assimilator  
  18  1:23  Probe  
  19  1:31  Nexus  
  19  1:39  Probe  
  20  1:44  Cybernetics Core  
  20  1:55  Zealot (Chrono Boost)  
  20  1:59  Probe  
  23  2:04  Assimilator  
  23  2:42  Probe (Chrono Boost)  
  24  2:54  Probe (Chrono Boost)  
  24  2:57  Warp Gate (Chrono Boost)  
  26  3:01  Probe (Chrono Boost)  
  26  3:04  Probe (Chrono Boost)  
  27  3:06  Pylon  
  27  3:08  Probe (Chrono Boost)  
  29  3:16  Probe (Chrono Boost)  
  29  3:17  Pylon  
  29  3:21  Pylon  
  29  3:28  Probe x2  
  29  3:32  Stalker  
  33  3:45  Probe  
  33  3:46  Robotics Facility  
  34  3:54  Probe, Gateway  
  35  3:56  Gateway  
  35  4:03  Forge  
  35  4:06  Sentry (Chrono Boost)  
  37  4:29  Pylon  
  37  4:34  Pylon  
  37  4:35  Probe x2  
  37  4:36  Pylon  
  37  4:38  Assimilator  
  39  4:40  Photon Cannon x2  
  39  4:43  Assimilator  
  39  4:54  Probe x2  
  39  4:59  Immortal  
  43  5:07  Gateway  
  43  5:12  Stalker x2  
  43  5:13  Stalker  
  47  5:27  Photon Cannon  
  47  5:28  Photon Cannon  
  47  5:33  Shield Battery  
  45  5:37  Zealot  
  45  5:39  Zealot x2  
  33  5:50  Probe x2  
  32  6:02  Probe  
  33  6:07  Shield Battery  
  33  6:14  Probe x2, Photon Cannon  
  35  6:20  Protoss Ground Weapons Level 1  
  35  6:26  Probe x2, Zealot x2  
  35  6:27  Zealot  
  35  6:29  Immortal  
  47  6:38  Probe (Chrono Boost)  
  48  6:43  Robotics Bay  
  48  6:46  Probe (Chrono Boost)  
  49  6:50  Probe (Chrono Boost)  
  49  6:54  Gateway  
  50  6:55  Gateway  
  50  6:58  Gateway  
  50  7:01  Probe x2 (Chrono Boost), Twilight Council  
  53  7:08  Observer  
  53  7:13  Probe (Chrono Boost)  
  54  7:24  Adept x2  
  54  7:25  Adept  
  60  7:30  Extended Thermal Lance  
  60  7:33  Colossus (Chrono Boost)  
  66  7:41  Charge (Chrono Boost)  
  66  7:47  Robotics Facility  
  66  7:56  Adept x3  
  72  8:01  Protoss Ground Armor Level 1 (Chrono Boost)  
  71  8:13  Gateway  
  71  8:16  Gateway  
  71  8:20  Adept x6  
  81  8:43  Stalker  
  81  8:44  Stalker  
  85  9:11  Pylon  
  85  9:14  Colossus  
  85  9:18  Pylon  
  85  9:19  Colossus  
  85  9:22  Pylon  
  83  9:25  Pylon  
  83  9:27  Templar Archives  
  83  9:30  Forge  
  79  9:33  Pylon, Stalker x4  
  79  9:34  Stalker  
  52  10:09  Stalker x3  
  52  10:11  Stalker  
  52  10:12  Stalker  
  52  10:13  Stalker x2  
Show
View Real Time Build Order
Export as new Build Order

kermit Protoss 

Build Orders:  

Get SALT Encoding   

  12  0:03  Probe (Chrono Boost)  
  14  0:15  Probe (Chrono Boost)  
  14  0:21  Pylon  
  14  0:22  Probe (Chrono Boost)  
  15  0:38  Assimilator  
  15  0:39  Probe  
  16  0:44  Pylon  
  16  0:53  Pylon  
  16  0:59  Assimilator  
  16  1:08  Forge  
  16  1:17  Pylon  
  16  1:24  Pylon  
  16  1:34  Probe  
  17  1:46  Probe  
  18  2:04  Pylon  
  18  2:25  Photon Cannon  
  18  2:43  Probe, Nexus  
  19  2:53  Gateway  
  19  2:55  Probe  
  20  3:08  Probe  
  21  3:14  Nexus  
  21  3:31  Assimilator  
  21  3:36  Assimilator  
  21  3:40  Pylon  
  21  3:48  Pylon  
  21  3:53  Assimilator  
  21  4:00  Assimilator  
  21  4:03  Probe  
  22  4:14  Probe  
  22  4:15  Probe  
  24  4:27  Probe  
  24  4:29  Photon Cannon  
  25  4:34  Photon Cannon  
  22  4:39  Probe  
  22  4:42  Photon Cannon  
  21  5:17  Cybernetics Core  
  21  5:35  Nexus  
  21  5:49  Photon Cannon  
  21  5:58  Stargate  
  21  6:10  Stargate  
  21  6:12  Probe  
  22  6:22  Stargate  
  22  6:26  Pylon  
  22  6:33  Stargate  
  22  6:37  Stargate  
  22  6:43  Stargate  
  22  6:49  Probe  
  23  7:01  Probe, Protoss Air Armor Level 1  
  24  7:13  Probe  
  23  7:22  Pylon  
  22  7:25  Probe, Photon Cannon  
  22  7:34  Pylon  
  22  7:38  Probe  
  22  7:43  Photon Cannon  
  23  7:54  Photon Cannon  
  23  8:13  Pylon  
  23  8:16  Pylon  
  22  8:21  Pylon  
  22  8:26  Pylon  
  22  8:28  Probe  
  23  8:36  Photon Cannon  
  23  8:40  Probe  
  24  8:42  Nexus  
  24  8:52  Probe  
  24  8:55  Void Ray x2  
  29  8:56  Void Ray  
  37  9:04  Probe  
  38  9:16  Probe  
  39  9:22  Assimilator  
  39  9:28  Probe, Assimilator  
  40  9:32  Photon Cannon  
  40  9:40  Probe  
  41  9:53  Probe x2  
  41  9:58  Probe  
  44  10:05  Probe x2  
  46  10:10  Probe  
  46  10:12  Fleet Beacon  
  47  10:17  Probe x2  
  47  10:20  Robotics Facility  
  49  10:22  Probe  
  50  10:29  Probe x2  
  50  10:34  Probe, Protoss Air Weapons Level 1  
  53  10:41  Probe  
  54  10:46  Probe  
  55  10:51  Void Ray x2  
  55  10:52  Void Ray  
  67  11:01  Probe  
  68  11:12  Probe  
  68  11:14  Probe  
  70  11:24  Probe  
  71  11:26  Probe  
  72  11:36  Probe  
Show
View Real Time Build Order
Export as new Build Order

AnCiX Protoss 

Build Orders:  

Get SALT Encoding   

  12  0:03  Probe  
  13  0:17  Pylon  
  13  0:20  Probe  
  14  0:32  Probe  
  15  0:39  Forge  
  15  0:45  Probe (Chrono Boost)  
  16  0:55  Probe (Chrono Boost)  
  17  1:00  Probe (Chrono Boost)  
  17  1:02  Pylon  
  18  1:17  Photon Cannon  
  18  1:22  Probe (Chrono Boost)  
  19  1:31  Photon Cannon  
  20  1:33  Probe (Chrono Boost)  
  20  1:37  Probe (Chrono Boost)  
  21  1:42  Pylon  
  21  2:01  Photon Cannon  
  14  3:12  Probe (Chrono Boost)  
  15  3:22  Probe (Chrono Boost)  
  15  3:26  Assimilator  
  16  3:27  Probe (Chrono Boost)  
  16  3:30  Assimilator  
  17  3:35  Gateway  
  17  3:38  Probe  
  18  3:52  Nexus  
  18  4:03  Probe (Chrono Boost)  
  19  4:13  Probe (Chrono Boost)  
  19  4:18  Probe (Chrono Boost)  
  20  4:30  Photon Cannon  
  20  4:44  Assimilator  
Show
View Real Time Build Order
Export as new Build Order

Victor Protoss - Winner!

Build Orders:  

Get SALT Encoding   

  12  0:03  Probe  
  13  0:31  Pylon  
  13  0:35  Probe (Chrono Boost)  
  14  0:46  Probe (Chrono Boost)  
  15  0:50  Probe (Chrono Boost)  
  15  0:54  Forge  
  16  1:01  Probe  
  17  1:13  Probe  
  18  1:27  Pylon  
  18  1:36  Pylon  
  18  1:45  Pylon  
  18  1:57  Photon Cannon  
  18  2:05  Photon Cannon  
  18  2:08  Photon Cannon  
  18  2:10  Photon Cannon  
  18  2:12  Pylon  
  17  2:53  Assimilator  
  17  2:56  Assimilator  
  17  2:59  Gateway  
  17  3:42  Nexus  
  17  3:44  Photon Cannon  
  17  3:45  Assimilator  
  17  3:49  Assimilator  
  17  4:21  Cybernetics Core  
  17  4:28  Pylon  
  17  4:36  Probe  
  18  4:48  Probe  
  19  4:57  Probe  
  20  5:00  Probe  
  21  5:09  Probe  
  21  5:11  Stargate  
  21  5:12  Probe  
  23  5:14  Stargate  
  23  5:21  Probe  
  23  5:24  Probe  
  25  5:33  Probe  
  26  5:36  Probe  
  27  5:45  Probe  
  28  5:56  Void Ray (Chrono Boost)  
  32  6:06  Void Ray (Chrono Boost)  
  36  6:19  Stargate  
  36  6:23  Stargate  
  36  6:24  Probe  
  37  6:31  Pylon  
  37  6:36  Probe  
  38  6:46  Void Ray (Chrono Boost)  
  42  6:48  Probe  
  43  7:00  Probe  
  44  7:09  Void Ray x2 (Chrono Boost)  
  44  7:13  Probe  
  53  7:36  Photon Cannon  
  53  7:52  Pylon  
  53  8:09  Void Ray x2  
  61  8:56  Void Ray  
  61  9:31  Void Ray  
  61  9:45  Pylon  
  61  9:49  Pylon  
  61  9:52  Pylon  
  61  9:54  Pylon  
  61  10:00  Void Ray x2 (Chrono Boost)  
  61  10:03  Stargate  
  61  10:04  Void Ray (Chrono Boost)  
  61  10:06  Stargate  
  69  10:11  Void Ray (Chrono Boost)  
  77  10:39  Void Ray x2  
  85  10:44  Void Ray  
  89  10:51  Pylon  
  89  10:55  Pylon  
  89  10:58  Pylon  
  89  11:14  Void Ray x2  
  97  12:02  Void Ray x2  
  97  12:03  Void Ray  
Show
View Real Time Build Order
Export as new Build Order

Null Zerg - Winner!

Build Orders: Pool First 

Get SALT Encoding   

  12  0:01  Drone  
  13  0:09  Drone  
  14  0:19  Overlord  
  14  0:39  Spawning Pool  
  14  0:41  Extractor  
  12  0:43  Drone  
  12  0:47  Drone  
  12  0:49  Drone  
  15  0:54  Drone  
  16  1:05  Drone  
  16  1:09  Extractor  
  16  1:17  Drone  
  17  1:26  Queen  
  17  1:29  Drone  
  20  1:41  Drone  
  21  1:53  Drone, Metabolic Boost  
  22  2:06  Lair  
  22  2:11  Overlord  
  22  2:12  Overlord  
  22  2:31  Zergling x4  
  22  2:35  Zergling x6  
  27  2:44  Zergling x2  
  28  3:08  Nydus Network  
  28  3:09  Zergling x10  
  32  3:20  Drone  
  33  3:33  Zergling x2  
  34  3:40  Zergling x6  
  37  3:44  Overlord  
  37  3:51  Nydus Canal  
  37  4:05  Overlord  
  37  4:28  Drone x2  
  39  4:40  Zergling x6  
  42  4:58  Zergling x2  
  43  5:00  Hatchery  
  40  5:33  Zergling x10  
  43  5:40  Nydus Canal  
  38  5:58  Zergling x4  
  38  6:06  Drone x4  
  33  6:24  Overlord, Zergling x2  
  31  6:39  Spore Crawler x2  
  28  6:40  Spore Crawler  
  28  6:41  Spore Crawler  
  28  6:42  Spore Crawler  
  28  6:43  Drone, Hydralisk Den  
  28  6:44  Drone x5  
  30  7:05  Drone x5  
  30  7:06  Drone  
  36  7:08  Drone x2  
  36  7:09  Queen  
  40  7:21  Drone x2  
  42  7:28  Drone  
  43  7:32  Grooved Spines  
  41  7:59  Hydralisk x6  
  41  8:00  Drone  
  54  8:21  Hydralisk x6  
  54  8:22  Drone  
  67  8:29  Overlord x2  
  66  8:39  Extractor  
  65  8:41  Extractor  
  65  8:43  Hydralisk, Muscular Augments  
  65  8:44  Drone  
  67  8:52  Drone x2  
  69  8:58  Drone, Hydralisk x5  
  69  8:59  Drone  
  81  9:08  Drone, Hatchery  
  81  9:09  Overlord  
  81  9:15  Nydus Canal  
  81  9:20  Drone, Hydralisk  
  84  9:40  Drone, Hydralisk x3  
  84  9:41  Drone  
  84  9:42  Overlord  
  84  9:43  Overlord  
  90  10:11  Hydralisk x4  
  90  10:12  Drone  
  97  10:14  Drone, Zergling x2  
  97  10:28  Drone, Zergling x4  
  97  10:33  Nydus Canal  
  100  10:45  Drone, Hydralisk  
  103  10:51  Drone, Zergling x10  
  109  11:02  Hydralisk  
  109  11:03  Drone  
  112  11:05  Overlord  
  112  11:06  Overlord  
  112  11:12  Drone  
  113  11:22  Drone, Overlord  
  113  11:23  Overlord x3  
  114  11:33  Hydralisk x3  
  114  11:34  Drone x2  
  122  11:52  Drone, Zergling x12  
  129  12:06  Drone, Zergling x2  
  131  12:10  Queen  
  131  12:13  Extractor x2  
  130  12:22  Drone, Zergling x10  
  129  12:33  Drone, Zergling x2  
  129  12:49  Hydralisk x5  
  129  12:50  Drone  
  132  13:08  Drone, Zergling x6  
  136  13:25  Drone, Zergling x10  
Show
View Real Time Build Order
Export as new Build Order

Darkimpact Protoss - Winner!

Build Orders: Carrier Rush 

Get SALT Encoding   

  12  0:13  Probe (Chrono Boost)  
  13  0:25  Probe (Chrono Boost)  
  14  0:30  Probe (Chrono Boost)  
  14  0:32  Pylon  
  15  0:48  Pylon  
  15  0:50  Probe  
  15  0:57  Forge  
  16  1:01  Gateway  
  16  1:06  Assimilator  
  16  1:32  Assimilator  
  16  1:36  Probe (Chrono Boost)  
  17  1:46  Probe (Chrono Boost)  
  18  1:52  Cybernetics Core  
  18  1:57  Pylon  
  18  2:07  Probe (Chrono Boost)  
  20  2:17  Probe (Chrono Boost)  
  20  2:30  Stargate  
  20  2:34  Probe  
  21  2:46  Probe  
  22  2:51  Nexus  
  22  2:57  Assimilator  
  22  2:59  Probe (Chrono Boost)  
  22  3:01  Assimilator  
  23  3:11  Probe (Chrono Boost)  
  24  3:16  Pylon, Probe (Chrono Boost)  
  25  3:25  Probe  
  26  3:34  Pylon  
  26  3:37  Probe  
  27  3:49  Probe  
  27  3:54  Stargate  
  28  3:59  Fleet Beacon  
  28  4:05  Probe (Chrono Boost)  
  30  4:17  Probe (Chrono Boost)  
  30  4:25  Probe (Chrono Boost)  
  31  4:32  Probe  
  32  4:44  Probe  
  33  4:48  Carrier (Chrono Boost)  
  39  4:56  Probe (Chrono Boost)  
  41  5:08  Probe (Chrono Boost)  
  41  5:11  Probe (Chrono Boost)  
  48  5:17  Probe (Chrono Boost)  
  48  5:20  Probe (Chrono Boost)  
  50  5:22  Probe  
  50  5:23  Graviton Catapult (Chrono Boost), Stargate  
  50  5:25  Carrier (Chrono Boost)  
  51  5:30  Probe  
  51  5:34  Probe  
  53  6:02  Stargate  
  53  6:09  Carrier (Chrono Boost)  
  59  6:25  Carrier (Chrono Boost)  
  65  6:27  Pylon  
  65  6:36  Pylon  
  65  6:39  Pylon  
  65  6:41  Pylon  
  65  6:44  Carrier  
  77  6:54  Carrier (Chrono Boost)  
  77  7:20  Stargate  
  77  7:26  Pylon  
  77  7:30  Carrier (Chrono Boost)  
  83  7:53  Protoss Air Weapons Level 1  
  83  7:58  Pylon  
  89  8:06  Carrier (Chrono Boost), Nexus  
  89  8:24  Carrier (Chrono Boost)  
  95  8:47  Carrier (Chrono Boost)  
  101  9:09  Assimilator  
  101  9:13  Assimilator  
Show
View Real Time Build Order
Export as new Build Order

cannon Terran - Winner!

Build Orders:  

Get SALT Encoding   

  12  0:04  SCV  
  13  0:16  SCV  
  14  0:21  Supply Depot  
  14  0:36  Refinery  
  14  0:42  SCV, Engineering Bay  
  15  0:54  SCV  
  15  0:55  Refinery  
  16  1:12  Barracks, SCV  
  17  1:24  SCV  
  18  1:36  Supply Depot, SCV  
  19  1:48  SCV  
  20  2:00  SCV  
  21  2:32  Barracks Tech Lab  
  21  2:35  SCV  
  22  2:47  SCV  
  23  2:54  Command Center  
  23  2:57  Factory  
  23  2:59  SCV  
  24  3:10  Combat Shields  
  24  3:11  SCV  
  25  3:13  Terran Infantry Weapons Level 1  
  25  3:23  SCV  
  26  3:29  Supply Depot  
  26  3:41  Missile Turret, Orbital Command  
  26  3:43  Factory Tech Lab  
  26  3:46  Marine  
  27  4:04  Marine  
  28  4:14  Starport  
  28  4:22  Marine, Starport  
  29  4:27  Starport  
  29  4:33  Starport  
  29  4:40  Starport  
  29  4:41  SCV  
  30  4:47  SCV  
  31  4:53  SCV  
  32  5:02  Starport Tech Lab x3  
  32  5:10  Starport Tech Lab  
  32  5:17  Starport Tech Lab  
  32  5:24  SCV  
  33  5:36  SCV, Cloaking Field  
  33  5:38  Corvid Reactor, High Capacity Fuel Tanks  
  34  5:43  SCV  
  34  5:48  SCV  
  36  5:55  SCV  
  37  5:57  Refinery  
  37  5:58  Refinery  
  37  6:00  SCV  
  38  6:07  SCV  
  38  6:10  Siege Tank  
  42  6:12  SCV  
  43  6:19  SCV  
  43  6:24  SCV  
  45  6:27  Viking x2  
  45  6:31  SCV  
  50  6:37  SCV  
  51  6:43  SCV  
  52  6:51  SCV  
  53  6:55  SCV  
  54  7:04  SCV  
  54  7:06  Command Center  
  54  7:07  SCV  
  56  7:10  Missile Turret  
  56  7:16  SCV  
  56  7:19  SCV  
  58  7:27  Banshee x2  
  58  7:28  SCV  
  65  7:30  Missile Turret  
  65  7:31  SCV  
  65  7:36  Supply Depot  
  66  7:39  Supply Depot  
  66  7:40  SCV  
  66  7:43  Supply Depot, SCV  
  68  7:44  Siege Tank  
  68  7:47  Marine  
  68  7:50  Missile Turret  
  72  7:52  SCV  
  72  7:56  SCV  
  74  8:05  Marine  
  75  8:08  SCV  
  76  8:23  Marine  
  76  8:25  Planetary Fortress  
  77  8:28  Refinery  
  77  8:33  Refinery  
  77  8:40  Missile Turret  
  77  8:42  Missile Turret  
  77  8:45  Missile Turret  
  77  8:53  Viking x2  
  77  8:54  Viking x3  
  87  9:01  Hyperflight Rotors  
  87  9:02  Missile Turret  
  87  9:03  Missile Turret  
  87  9:07  Missile Turret  
  87  9:23  Missile Turret  
  87  9:26  Missile Turret  
  87  9:30  Missile Turret  
  87  9:44  Missile Turret  
  87  9:49  Missile Turret  
  75  11:18  Viking x5  
  78  11:27  Missile Turret  
  78  11:30  Missile Turret  
  78  11:32  Missile Turret  
  78  11:34  Missile Turret  
  78  11:48  Viking x5  
  88  12:23  Command Center  
  88  12:45  Viking  
Tags
 
Add a new tag
Caveats
  • Supply blocks, unpowered buildings, or Contaminate may cause inaccurate times.
  • Supply counts are checked every 10 seconds.